 Dungeon Crawl Stone Soup version 0.24.0-123-gd5b16e6ec5 (webtiles) character file.

Game seed: 12712944759365268196, levelgen mode: deterministic

100 FishyPogo the Changer (level 4, -2/36 HPs)
             Began as a Draconian Transmuter on Dec 24, 2019.
             Slain by an orc
             ... wielding a cursed +0 flail
              (4 damage)
             ... on level 3 of the Dungeon.
             The game lasted 00:05:19 (1944 turns).

FishyPogo the Changer (Draconian Transmuter)        Turns: 1944, Time: 00:05:19

Health: -2/36      AC:  2    Str: 13    XL:     4   Next: 46%
Magic:  4/7        EV: 19    Int: 13    God:
Gold:   214        SH:  0    Dex: 17    Spells: 3/7 levels left

rFire    . . .     SeeInvis .     - Unarmed
rCold    . . .     Gourm    .   (shield currently unavailable)
rNeg     . . .     Faith    .   (armour unavailable)
rPois    x         Spirit   .   (helmet currently unavailable)
rElec    .         Reflect  .   (cloak currently unavailable)
rCorr    .         Harm     .   (gloves currently unavailable)
MR       .....                  (boots currently unavailable)
Stlth    ++........             (no amulet)
HPRegen  0.12/turn              (no ring)
MPRegen  0.10/turn              (no ring)

@: spider-form
A: tiny, unfitting armour, AC +5
a: End Transformation


You were on level 3 of the Dungeon.
You were not hungry.
You were a venomous arachnid creature.
You visited 1 branch of the dungeon, and saw 3 of its levels.

You collected 214 gold pieces.

Inventory:

Hand Weapons
 a - a +1 whip of holy wrath (melded)
Missiles
 h - 45 stones (quivered)
 k - 8 javelins
 n - 12 arrows
Scrolls
 b - 5 scrolls of identify
 f - 2 scrolls of remove curse {unknown}
 g - 2 scrolls of magic mapping {unknown}
 l - 2 scrolls of teleportation {unknown}
 m - a scroll of enchant armour {unknown}
Potions
 i - 2 potions of brilliance
 j - a potion of flight
Comestibles
 c - 9 rations


   Skills:
 - Level 2.0 Fighting
 - Level 2.0 Dodging
 - Level 3.0 Unarmed Combat
 - Level 2.0 Spellcasting
 * Level 4.3 Transmutations


You had 3 spell levels left.
You knew the following spells:

 Your Spells              Type           Power        Failure   Level  Hunger
u - Spider Form           Tmut/Pois      #.........   52%         3    ####...
y - Beastly Appendage     Tmut           ##....       13%         1    ##.....

Your spell library contained the following spells:

 Spells                   Type           Power        Failure   Level  Hunger
 Sticks to Snakes         Tmut           ##......     17%         2    ###....
 Ice Form                 Ice/Tmut       #.......     87%         4    #####..
 Blade Hands              Tmut           ##........   89%         5    ######.


Dungeon Overview and Level Annotations

Branches:
Dungeon (3/15)

Altars:


Innate Abilities, Weirdness & Mutations

((Your plain brown scales are hard. (AC +5)))
You cannot fit into any form of body armour.
((You are cold-blooded and may be slowed by cold attacks.))


Message History

* * * LOW HITPOINT WARNING * * *
You hit the orc but do no damage.
The orc is poisoned.
The orc wizard mumbles some strange words.
The orc wizard blinks!
The orc hits you with a +0 trident.
* * * LOW HITPOINT WARNING * * *
You hit the orc but do no damage.
The orc looks as sick as possible!
The orc is heavily wounded.
The orc misses you.
You completely miss the orc.
The orc is heavily wounded.
You kill the orc!
The orc closely misses you.
Things that are here:
a +0 trident; a +0 leather armour You hit the orc.
The orc is poisoned.
The orc is moderately wounded.
The orc wizard gestures wildly while chanting.
The orc wizard seems to speed up.
The orc hits you with a cursed +0 flail.
You die...

..# % #.# ... ...
....# #o# ..>...#.#
#######.#
......oo###.o......
#...#####o..o.....#
#... #o##o####.#
#... #)##s# #...
#o##.#
###...#####$##.#
.............#.#
.............#.#
.............#.#
#.#...#.######.#
#.......# #?#
#.......# #..


You could see an orc wizard and 2 orcs.

Vanquished Creatures
  Jessica (D:2)
  3 adders (D:2)
  A dart slug (D:1)
  2 orcs (D:3)
  7 bats
  4 giant cockroaches
  4 goblins
  6 hobgoblins
  A jackal (D:2)
  6 kobolds
  A ball python (D:1)
  7 frilled lizards
  3 rats (D:1)
46 creatures vanquished.

Notes
Turn   | Place    | Note
-------+----------+-------------------------------------------
     0 | D:1      | FishyPogo the Draconian Transmuter began the quest for the
                  | Orb.
     0 | D:1      | Reached XP level 1. HP: 16/16 MP: 3/3
   153 | D:1      | Reached XP level 2. HP: 19/23 MP: 3/5
   913 | D:2      | Reached skill level 3 in Transmutations
   913 | D:2      | Reached XP level 3. HP: 19/29 MP: 6/6
   948 | D:2      | HP: 1/29 [poisoned by an adder]
  1247 | D:2      | Learned a level 3 spell: Spider Form
  1523 | D:2      | Noticed Jessica
  1554 | D:2      | Killed Jessica
  1554 | D:2      | Reached skill level 4 in Transmutations
  1554 | D:2      | Reached XP level 4. HP: 19/36 MP: 4/7
  1944 | D:3      | Slain by an orc

Levels and vault maps discovered:
D:1:      lightli_arrival_noodles, layout_basic, minmay_ruptured
D:2:      wad_river_or_something, layout_basic, first_ration, uniq_jessica
D:3:      layout_loops_cross, lemuel_coloured_pillars_altar

Skill      XL: |  1  2  3 |
---------------+----------+-----
Dodging        | 2 |  2.0
Fighting       | 2 |  2.0
Transmutations | 3 4 |  4.3
Unarmed Combat | |  3.0
Spellcasting   | |  2.0

Action                   |  1- 3 |  4- 6 || total
-------------------------+-------+-------++-------
Melee: Unarmed           |    35 |     4 ||    39
       Tailslap          |    14 |     1 ||    15
       Whip              |    86 |    20 ||   106
       Club              |    27 |       ||    27
       Kick              |     6 |       ||     6
       Punch             |     2 |     1 ||     3
       Headbutt          |     1 |       ||     1
 Cast: Beastly Appendage |    18 |     1 ||    19
       Spider Form       |       |     1 ||     1
  Use: Potion            |     3 |       ||     3
       Scroll            |     1 |       ||     1
 Stab: Sleeping          |     1 |     1 ||     2
  Eat: Chunk             |     3 |     1 ||     4
Armor: Skin              |    62 |     4 ||    66
Dodge: Dodged            |   127 |    15 ||   142
